Map: Shrines of Lizul

Players

OpuS

  • Race: Protoss Protoss
  • League: Platinum
  • Spawn Location: 9:00

Sketchaphone

  • Race: Zerg Zerg
  • League: Platinum
  • Spawn Location: 6:00

soapyy

  • Race: Protoss Protoss
  • League: Diamond
  • Spawn Location: 12:00

Aest

  • Race: Protoss Protoss
  • Spawn Location: 3:00

VOD

Have the link to the VOD?

Description

Time

  • Played on: Feb. 16, 2019, 8:41 p.m.
  • Length: 11:57
Show
View Real Time Build Order
Export as new Build Order

OpuS Protoss 

Build Orders:  

Get SALT Encoding   

  12  0:01  Probe  
  13  0:13  Probe  
  14  0:20  Pylon  
  14  0:25  Probe  
  15  0:38  Probe  
  16  0:43  Gateway  
  16  0:46  Probe  
  16  0:54  Probe  
  17  0:59  Pylon  
  18  1:09  Probe  
  19  1:12  Assimilator  
  19  1:21  Probe  
  20  1:30  Zealot  
  22  1:33  Cybernetics Core, Probe  
  23  1:45  Probe  
  24  1:57  Probe  
  25  2:07  Probe  
  25  2:10  Warp Gate  
  25  2:15  Probe  
  27  2:25  Probe  
  27  2:27  Assimilator  
  28  2:30  Gateway  
  22  3:10  Stalker  
  24  3:19  Stalker  
  26  3:22  Probe  
  27  3:32  Pylon  
  27  3:45  Stargate  
  26  3:52  Pylon  
  26  3:58  Stalker  
  26  4:01  Probe  
  29  4:13  Shield Battery  
  29  4:18  Stalker  
  31  4:25  Oracle  
  34  4:39  Stalker  
  34  4:44  Stalker  
  32  5:29  Stalker x2  
  27  5:35  Gateway  
  27  5:37  Gateway  
  27  5:43  Forge  
  27  5:53  Stalker x2  
  23  6:44  Pylon  
  23  6:47  Pylon  
  23  6:49  Pylon  
  23  6:54  Pylon  
  23  6:57  Nexus  
  23  6:58  Pylon  
  27  7:20  Photon Cannon  
  23  7:27  Photon Cannon  
  14  7:45  Photon Cannon  
  14  7:47  Probe  
  15  7:55  Probe  
  15  8:03  Probe  
  17  8:20  Fleet Beacon  
  17  8:28  Probe  
  17  8:31  Probe  
  19  8:42  Probe  
  19  8:43  Probe  
  21  8:53  Pylon  
  21  8:57  Probe  
  21  8:59  Probe  
  21  9:01  Carrier  
  22  9:11  Probe x2  
  21  9:23  Probe x2  
  29  9:30  Stargate  
  29  9:35  Probe x2  
  31  9:49  Stargate  
  31  9:53  Probe x2  
  31  9:57  Protoss Air Weapons Level 1  
  31  9:59  Carrier  
  39  10:28  Carrier  
Show
View Real Time Build Order
Export as new Build Order

Sketchaphone Zerg 

Build Orders: Pool First 

Get SALT Encoding   

  12  0:01  Drone  
  13  0:08  Drone  
  14  0:26  Spawning Pool  
  13  0:31  Drone  
  14  0:39  Overlord  
  14  0:42  Extractor  
  13  0:45  Drone  
  14  0:57  Drone x2  
  14  1:03  Drone  
  17  1:12  Queen  
  17  1:15  Zergling x2  
  20  1:25  Zergling x2  
  21  1:35  Zergling x2  
  22  1:46  Metabolic Boost  
  22  1:47  Overlord  
  22  2:04  Hatchery  
  22  2:05  Zergling x2  
  22  2:11  Zergling x2  
  23  2:18  Zergling x2  
  24  2:24  Zergling x4  
  24  2:27  Zergling x2  
  25  3:04  Drone x6  
  28  3:14  Roach Warren  
  28  3:16  Zergling x4  
  29  3:37  Drone x2, Overlord  
  29  3:40  Drone x2  
  33  3:43  Zergling x4  
  35  3:50  Spine Crawler  
  35  3:54  Spine Crawler  
  33  3:56  Zergling x2  
  33  4:00  Overlord  
  34  4:09  Drone  
  35  4:12  Overlord  
  31  4:26  Drone  
  31  4:27  Drone x5  
  34  4:39  Lair  
  34  4:40  Roach  
  34  4:41  Drone  
  37  4:53  Roach  
  37  4:54  Roach x3  
  45  5:01  Roach  
  45  5:05  Queen  
  45  5:06  Spore Crawler  
  50  5:07  Roach  
  50  5:10  Overlord  
  47  5:25  Overlord  
  47  5:27  Overlord  
  47  5:35  Spore Crawler  
  47  5:37  Roach  
  47  5:41  Zergling x4  
  50  5:43  Overlord  
  50  5:47  Drone x2  
  52  5:50  Baneling Nest  
  52  5:56  Drone x2, Spore Crawler  
  52  6:02  Extractor  
  51  6:07  Roach x4  
  51  6:08  Overlord  
  59  6:25  Zergling x6  
  61  6:26  Zergling x4  
  66  6:33  Roach  
  66  6:35  Zergling x8  
  69  6:51  Overlord x2  
  69  6:57  Hatchery  
  69  7:00  Centrifical Hooks  
  68  7:01  Zergling x6  
  69  7:09  Glial Reconstitution  
  69  7:11  Drone x3  
  69  7:12  Extractor  
  69  7:13  Drone x3  
  69  7:15  Extractor  
  73  7:32  Overlord x2  
  73  7:33  Roach x2  
  73  7:35  Drone  
  67  8:01  Hydralisk Den  
  67  8:04  Zergling x8  
  67  8:05  Zergling x8  
  72  8:10  Zergling x4  
  74  8:17  Overlord  
  72  8:29  Hydralisk  
  72  8:33  Queen  
  76  8:42  Drone x4  
  76  8:47  Ravager  
  81  8:48  Ravager  
  81  8:49  Hydralisk  
  81  8:50  Hydralisk x4  
  81  8:54  Drone x2  
  94  8:57  Evolution Chamber  
  94  8:58  Overlord  
  94  9:01  Grooved Spines  
  93  9:09  Hydralisk x3  
  98  9:27  Zergling x2  
  98  9:28  Zergling x2  
  100  9:33  Hydralisk  
  100  9:34  Hydralisk x2  
  106  9:40  Baneling x4  
  106  9:41  Baneling x6  
  106  9:45  Drone  
  107  9:47  Zerg Missile Weapons Level 1  
  107  9:53  Drone x3  
  81  10:19  Hydralisk x5  
  81  10:21  Roach x3  
  77  10:38  Roach x6  
  89  10:45  Roach x3  
  93  10:55  Roach x2  
  95  10:57  Roach  
  74  11:17  Roach x6  
  81  11:21  Ravager  
  81  11:22  Ravager  
Show
View Real Time Build Order
Export as new Build Order

soapyy Protoss 

Build Orders:  

Get SALT Encoding   

  12  0:01  Probe  
  13  0:13  Probe  
  14  0:21  Pylon  
  14  0:25  Probe  
  15  0:39  Probe  
  16  0:44  Gateway  
  16  0:51  Probe  
  17  1:03  Probe  
  18  1:08  Gateway  
  18  1:15  Probe  
  19  1:21  Assimilator  
  19  1:26  Assimilator  
  19  1:27  Probe  
  20  1:33  Cybernetics Core  
  20  1:39  Probe  
  21  1:45  Zealot  
  23  1:52  Pylon  
  23  2:04  Warp Gate  
  23  2:10  Probe  
  24  2:23  Probe  
  24  2:28  Pylon  
  24  2:29  Stalker  
  25  2:34  Stalker  
  25  2:35  Probe  
  30  2:52  Probe  
  30  2:53  Gateway  
  31  3:05  Probe  
  31  3:17  Probe  
  32  3:29  Probe  
  33  3:42  Probe  
  33  3:47  Nexus  
  34  3:54  Stalker  
  34  3:55  Stalker  
  38  4:02  Pylon  
  36  4:19  Probe  
  36  4:22  Forge  
  36  4:23  Twilight Council  
  37  4:28  Sentry  
  37  4:29  Sentry x2  
  44  4:31  Probe  
  44  4:56  Protoss Ground Weapons Level 1  
  44  5:00  Photon Cannon  
  44  5:01  Pylon  
  44  5:03  Photon Cannon  
  44  5:05  Shield Battery  
  44  5:08  Probe  
  44  5:09  Probe  
  40  5:28  Stalker x2  
  40  5:29  Stalker  
  45  5:36  Probe  
  45  5:41  Probe  
  47  5:43  Charge  
  47  5:48  Probe  
  48  5:56  Probe  
  43  6:40  Probe x2  
  43  6:46  Stalker x3  
  51  6:52  Gateway x2, Probe  
  52  6:54  Gateway  
  52  6:55  Pylon  
  52  6:58  Protoss Ground Armor Level 1  
  52  7:00  Photon Cannon  
  52  7:04  Photon Cannon  
  52  7:05  Shield Battery  
  52  7:11  Probe  
  53  7:15  Sentry x2  
  53  7:16  Sentry  
  53  7:17  Probe  
  60  7:27  Assimilator  
  60  7:29  Probe, Assimilator  
  61  7:38  Probe  
  62  7:46  Zealot x3  
  62  7:47  Zealot x2  
  72  7:57  Probe x2  
  74  8:05  Templar Archives  
  74  8:06  Pylon  
  74  8:09  Probe x2  
  76  8:21  Psionic Storm  
  76  8:27  Protoss Ground Weapons Level 2  
  76  8:34  Zealot x5  
  86  8:43  Pylon  
  86  8:44  Pylon  
  86  8:50  Forge  
  86  8:54  Protoss Ground Armor Level 2  
  86  9:01  Probe x2  
  88  9:21  Nexus  
  88  9:41  High Templar x3  
  88  9:42  High Templar x2  
  98  9:49  Probe x2  
  98  9:52  Assimilator  
  100  9:55  Assimilator  
  100  9:58  Pylon  
  100  10:06  Pylon  
  94  10:10  Pylon, Archon x2  
  80  10:21  Zealot x5  
  88  11:07  Zealot x6  
  88  11:11  Probe  
  97  11:37  Stalker x3  
  97  11:38  Stalker x3  
  101  11:42  Probe x2  
  95  11:53  Gateway x2  
Show
View Real Time Build Order
Export as new Build Order

Aest Protoss 

Build Orders:  

Get SALT Encoding   

  12  0:00  Probe  
  13  0:17  Pylon  
  13  0:20  Probe  
  14  0:31  Probe  
  15  0:40  Gateway, Probe  
  15  0:48  Probe  
  17  1:00  Probe  
  18  1:07  Assimilator  
  18  1:08  Probe  
  18  1:11  Assimilator  
  18  1:16  Probe  
  20  1:27  Cybernetics Core  
  20  1:33  Probe  
  21  1:45  Probe  
  22  1:51  Gateway  
  22  1:54  Pylon  
  22  1:57  Probe  
  23  2:07  Warp Gate  
  23  2:12  Adept  
  23  2:14  Pylon  
  25  2:21  Probe  
  26  2:32  Adept  
  26  2:33  Probe  
  27  2:40  Adept  
  27  3:01  Adept  
  25  3:18  Adept, Probe  
  27  3:26  Probe  
  28  3:31  Stargate  
  29  3:47  Probe  
  30  3:59  Probe  
  31  4:09  Adept  
  33  4:10  Adept  
  33  4:11  Probe  
  36  4:28  Phoenix  
  36  4:50  Nexus  
  36  4:51  Phoenix  
  38  5:01  Probe  
  39  5:15  Pylon  
  39  5:17  Probe  
  37  5:24  Phoenix  
  35  5:29  Probe  
  38  5:37  Forge  
  38  5:41  Probe  
  39  5:48  Stalker x2  
  43  5:56  Phoenix  
  44  6:20  Stalker x2  
  48  6:25  Phoenix  
  46  6:44  Probe  
  42  6:47  Probe  
  42  6:50  Protoss Ground Weapons Level 1  
  42  6:52  Probe  
  44  6:58  Void Ray  
  44  6:59  Probe  
  50  7:05  Stalker x2  
  54  7:13  Probe  
  54  7:14  Probe  
  56  7:22  Probe x2  
  58  7:45  Stalker x2  
  58  7:47  Void Ray  
  58  7:56  Probe x2  
  62  8:00  Assimilator  
  62  8:03  Assimilator  
  62  8:04  Pylon  
  62  8:06  Pylon  
  62  8:22  Probe x2  
  64  8:27  Void Ray  
  64  8:34  Probe x2  
  70  8:45  Gateway  
  70  8:46  Probe x2  
  70  8:47  Stalker x2  
  70  8:48  Gateway  
  76  8:52  Gateway x2  
  76  8:58  Probe  
  77  9:19  Pylon  
  77  9:21  Pylon  
  77  9:23  Protoss Ground Armor Level 1  
  77  9:24  Pylon  
  77  9:30  Pylon, Void Ray  
  77  9:33  Probe  
  77  9:37  Probe  
  83  9:39  Stalker x2  
  83  9:45  Probe  
  88  9:49  Probe  
  89  9:54  Twilight Council  
  89  10:04  Stalker  
  89  10:05  Stalker x4  
  91  10:21  Stalker  
  93  10:47  Nexus  
  93  10:49  Pylon  
  93  10:57  Void Ray  
  93  11:00  Probe x2  
  99  11:12  Probe x2  
  99  11:15  Stalker x5  
  99  11:16  Stalker  
  109  11:56  Stalker x2  
  109  11:57  Stalker x2  
Tags
 
Add a new tag
Caveats
  • Supply blocks, unpowered buildings, or Contaminate may cause inaccurate times.
  • Supply counts are checked every 10 seconds.